 Dungeon Crawl Stone Soup version 0.23-a0-760-g92239d2 (webtiles) character file.

310166 SmSkdm the Transmogrifier (level 22, -3/226 HPs)
             Began as a Kitsune Transmuter on July 21, 2019.
             Was the Champion of Wu Jian.
             Killed from afar by an iron dragon (49 damage)
             ... with a spray of metal splinters
             ... on level 1 of the Depths.
             The game lasted 04:06:33 (50325 turns).

SmSkdm the Transmogrifier (Kitsune Transmuter)     Turns: 50325, Time: 04:06:34

Health: -3/226     AC: 16    Str: 24    XL:     22   Next: 18%
Magic:  40/40      EV: 13    Int: 22    God:    Wu Jian [******]
Gold:   2005       SH:  0    Dex: 18    Spells: 4/49 levels left

rFire    + + +     SeeInvis .     - Unarmed
rCold    + . .     Gourm    .   (shield currently unavailable)
rNeg     . . .     Faith    .   (armour currently unavailable)
rPois    +         Spirit   .   (helmet currently unavailable)
rElec    +         Reflect  .   (cloak currently unavailable)
rCorr    .         Harm     .   (gloves currently unavailable)
MR       +++..                  (boots currently unavailable)
Stlth    ++++++++..             C - amulet of Sala {rElec rPois Regen+}
HPRegen  0.87/turn              U - ring of Equivalence {rPois rF+ rC+ Stlth+}
MPRegen  0.27/turn              T - ring "Osumm" {rF++ rC+ Int+3 Stlth+}

@: exhausted, dragon-form, flying
A: giant, charm monsters, no helmets, blurry vision 1, mutation resistance 1
}: 2/15 runes: decaying, gossamer
a: Charm Monsters, End Transformation, Wall Jump, Serpent's Lash, Heavenly
Storm, Renounce Religion, Breathe Fire


You were on level 1 of the Depths.
You worshipped Wu Jian.
Wu Jian was exalted by your worship.
You were not hungry.
You were a fearsome dragon!
You visited 8 branches of the dungeon, and saw 36 of its levels.
You also visited: Bailey and Ice Cave.

You collected 4548 gold pieces.
You spent 2543 gold pieces at shops.

Inventory:

Missiles
 a - 735 arrows
Armour
 f - the +0 pair of boots of the Untouchables (melded) {-Tele rPois rC+++ rCorr}
   (You acquired it on level 3 of the Elven Halls)

   It renders you almost immune to cold.
   It protects you from poison.
   It prevents most forms of teleportation.
   It provides partial protection from all sources of acid and corrosion.
 h - a +2 hat (melded)
 s - a +2 buckler of reflection (melded)
 D - a +2 robe of the Archmagi (melded)
 O - a +2 shield of reflection
 W - a +1 cloak of invisibility (melded)
Magical Staves
 b - an uncursed staff of wizardry (melded)
Jewellery
 g - an uncursed ring of positive energy
 j - an uncursed amulet of rage
 y - a +5 amulet of reflection
 C - the amulet of Sala (around neck) {rElec rPois Regen+}
   (You took it off a deep elf death mage on level 3 of the Elven Halls)

   [amulet of regeneration]

   It insulates you from electricity.
   It protects you from poison.
   It increases your rate of regeneration.
 N - an uncursed amulet of magic regeneration
 R - a +6 ring of strength
 T - the ring "Osumm" (right foreclaw) {rF++ rC+ Int+3 Stlth+}
   (You found it on level 4 of the Spider Nest)

   [ring of protection from cold]

   It affects your intelligence (+3).
   It greatly protects you from fire.
   It protects you from cold.
   It makes you more stealthy.
 U - the ring of Equivalence (left foreclaw) {rPois rF+ rC+ Stlth+}
   (You bought it in a shop on level 2 of the Orcish Mines)

   [ring of protection from cold]

   It protects you from fire.
   It protects you from cold.
   It protects you from poison.
   It makes you more stealthy.
 V - an uncursed ring of see invisible
Wands
 m - a wand of acid (38)
 u - a wand of flame (156)
 G - a wand of disintegration (10)
 J - a wand of digging (7)
 K - a wand of enslavement (21)
 L - a wand of clouds (9)
 Q - a wand of iceblast (23)
Scrolls
 c - 15 scrolls of teleportation
 e - 13 scrolls of identify
 i - 2 scrolls of fog
 k - 12 scrolls of enchant weapon
 A - 5 scrolls of immolation
 F - 10 scrolls of amnesia
 I - 4 scrolls of magic mapping
 M - 3 scrolls of blinking
 P - 8 scrolls of enchant armour
 Y - 4 scrolls of summoning
 Z - 11 scrolls of remove curse
Potions
 l - 4 potions of ambrosia
 o - 11 potions of curing
 p - 11 potions of brilliance
 q - 3 potions of agility
 r - 12 potions of mutation
 t - 4 potions of haste
 v - 3 potions of magic
 x - 9 potions of heal wounds
 z - 7 potions of lignification
 B - 3 potions of might
 H - a potion of cancellation
 S - 4 potions of resistance
 X - 4 potions of berserk rage
Miscellaneous
 n - 2 boxes of beasts
 E - a fan of gales
Comestibles
 d - 49 rations
 w - 12 chunks of flesh


   Skills:
 + Level 12.9 Fighting
 - Level 0.3 Armour
 - Level 12.5 Dodging
 - Level 14.0 Stealth
 + Level 4.3 Shields
 + Level 14.1 Unarmed Combat
 + Level 14.4 Spellcasting
 + Level 5.0 Charms
 + Level 5.5 Translocations
 - Level 14.6 Transmutations
 + Level 3.2 Earth Magic
 - Level 6.4 Evocations


You had 4 spell levels left.
You knew the following spells:

 Your Spells              Type           Power        Failure   Level  Hunger
a - Beastly Appendage     Tmut           ######       0%          1    None
b - Sticks to Snakes      Tmut           ######..     0%          2    None
c - Spider Form           Tmut/Pois      #####.....   1%          3    None
d - Blade Hands           Tmut           ######....   1%          5    ###....
e - Ice Form              Ice/Tmut       #####...     1%          4    None
f - Blink                 Tloc           N/A          1%          2    None
g - Dragon Form           Tmut           ######....   8%          7    ######.
h - Statue Form           Tmut/Erth      ######...    16%         6    #####..
i - Lesser Beckoning      Tloc           #####.....   1%          3    None
j - Deflect Missiles      Chrm/Air       ####......   91%         6    #####..
k - Hydra Form            Tmut           ######....   1%          6    #####..

Your spell library contained the following spells:

 Spells                   Type           Power        Failure   Level  Hunger
 Passwall                 Tmut/Erth      ######..     1%          2    None
 Shroud of Golubria       Chrm/Tloc      #####.....   1%          2    None
 Song of Slaying          Chrm           #####...     1%          2    None
 Gell's Gravitas          Tloc           #####.....   1%          3    None
 Ignite Poison            Fire/Tmut/Pois #####...     1%          3    None
 Teleport Other           Tloc           #####...     1%          3    None
 Petrify                  Tmut/Erth      ######..     1%          4    None
 Corona                   Hex            ###....      3%          1    None
 Flame Tongue             Conj/Fire      ###..        3%          1    None
 Magic Dart               Conj           ###.         3%          1    None
 Shock                    Conj/Air       ###.         3%          1    None
 Sting                    Conj/Pois      ###.         3%          1    None
 Recall                   Summ/Tloc      N/A          3%          3    None
 Passage of Golubria      Tloc           N/A          3%          4    None
 Call Imp                 Summ           ###.....     6%          2    None
 Ensorcelled Hibernation  Hex/Ice        ###...       6%          2    None
 Poisonous Vapours        Pois/Air       ###...       6%          2    None
 Slow                     Hex            ###.....     6%          2    None
 Sublimation of Blood     Necr           ###.......   6%          2    None
 Throw Flame              Conj/Fire      ###...       6%          2    None
 Confuse                  Hex            ###.....     12%         3    None
 Conjure Flame            Conj/Fire      ###.....     12%         3    None
 Dazzling Spray           Conj/Hex       ###...       12%         3    None
 Inner Flame              Hex/Fire       ###.....     12%         3    None
 Mephitic Cloud           Conj/Pois/Air  ###.....     12%         3    None
 Static Discharge         Conj/Air       ###.....     12%         3    None
 Tukima's Dance           Hex            ###.....     12%         3    None
 Cause Fear               Hex            ###.......   36%         4    None
 Sticky Flame             Conj/Fire      ###.....     36%         4    None
 Alistair's Intoxication  Tmut/Pois      #####...     5%          5    ###....
 Irradiate                Conj/Tmut      #####.....   5%          5    ###....
 Yara's Violent Unravell  Hex/Tmut       #####.....   5%          5    ###....
 Aura of Abjuration       Summ           ###.......   71%         5    ###....
 Fireball                 Conj/Fire      ###.......   71%         5    ###....
 Lightning Bolt           Conj/Air       ###.......   71%         5    ###....
 Metabolic Englaciation   Hex/Ice        ###.......   71%         5    ###....
 Silence                  Hex/Air        ###.......   71%         5    ###....
 Venom Bolt               Conj/Pois      ###.......   71%         5    ###....
 Iron Shot                Conj/Erth      ###.......   97%         6    #####..
 Bolt of Cold             Conj/Ice       ###.......   99%         6    #####..
 Bolt of Fire             Conj/Fire      ###.......   99%         6    #####..
 Freezing Cloud           Conj/Ice/Air   ###.......   99%         6    #####..
 Ozocubu's Refrigeration  Ice            ###.......   99%         6    #####..
 Simulacrum               Ice/Necr       ###.......   99%         6    #####..
 Ring of Flames           Chrm/Fire      ####......   100%        7    ######.
 Discord                  Hex            ###.......   100%        8    #######
 Ignition                 Fire           ###.......   100%        8    #######
 Shatter                  Erth           ####......   100%        9    #######
 Tornado                  Air            ###.......   100%        9    #######


Dungeon Overview and Level Annotations

Branches:
Dungeon (15/15)            Temple (1/1) D:4            Lair (6/6) D:11
  Swamp (4/4) Lair:2       Spider (4/4) Lair:3        Slime (0/5) Lair:5
    Orc (2/2) D:12            Elf (3/3) Orc:2        Vaults (0/5) D:14
 Depths (1/5) D:15

Altars:
Ashenzari
Cheibriados
Dithmenos
Elyvilon
Fedhas
Gozag
Hepliaklqana
Kikubaaqudgha
Makhleb
Nemelex Xobeh
Okawaru
Qazlal
Ru
Sif Muna
Trog
Uskayaw
Vehumet
Wu Jian
Xom
Yredelemnul
Zin
The Shining One
Beogh

Shops:
D:3 *   Orc:2 ===[   Elf:1 =!   Elf:3 ?   Depths:1 }

Portals:
Abyss: Depths:1

Annotations:
D:9 4 runed doors, Aqweryyt's ghost, novice FlLi
Lair:3 2 transporters, Deesahac's ghost, journeyman BaFi


Innate Abilities, Weirdness & Mutations

You can charm monsters.
You have fox ears (no helmets).
((You have sharp fingernails.))
((You have a pair of small antennae on your head.))
Scrolls take you a little longer to read.
You are somewhat resistant to further mutation.


Message History

The deep troll closely misses you.
Unknown command.
Unknown command.
You bite the deep troll!! Your bite misses the deep troll.
The deep troll is severely wounded.
Unknown command.
Unknown command.
Unknown command.
Unknown command.
You maul the deep troll!!!
You kill the deep troll!
The Council accepts your kill.
Unknown command.
Unknown command.
Unknown command.
You maul the iron dragon!!!
You bite the iron dragon!
The iron dragon is moderately wounded.
The iron dragon breathes metal splinters at you.
The spray of metal splinters hits you!
You die...

##....##......#..## ...
#.....#.......)[.#...
#.....(.......)!.....
#.......#####..%##### #
#........# ##.D.## #
#.........# #.T..## #
#..........###Ce...## #
#...........##......## #
#...........D#(......#
#####............Dp.%%.%..
.................%.###....
.................[..# ....
................#....# ...
.......##.......##..... ..
.......##.......##.....#
................##......#
.).......♣♣♣♣...##..#...[


You could see an iron dragon and a hell knight.

Vanquished Creatures
  3 deep elf blademasters
  2 deep elf master archers (Elf:3)
  Kirke (D:15)
  Gastronok (D:11)
  Roxanne (Swamp:3)
  A thorn hunter (Swamp:4)
  Donald (Orc:2)
  A frost giant (Depths:1)
  5 deep elf sorcerers
  10 emperor scorpions
  Louise (Spider:2)
  An orc warlord (Orc:2)
  6 ghost moths
  4 deep elf elementalists (Elf:3)
  A very ugly thing (Depths:1)
  Nessos (Orc:2)
  5 entropy weavers
  2 stone giants (Depths:1)
  The ghost of MediocreGatsby the Martial Artist, a journeyman GoTm of Cheibriados (D:15)
  7 deep elf annihilators (Elf:3)
  4 deep elf demonologists (Elf:3)
  3 ettins
  Snorg (D:12)
  A spark wasp (Spider:3)
  6 deep elf death magi (Elf:3)
  A fire dragon (D:15)
  6 ogre magi
  A deep elf high priest (Elf:3)
  A yaktaur captain (Depths:1)
  A great orb of eyes (Depths:1)
  4 vault guards (D:14)
  2 ghost crabs
  Fannar (Orc:1)
  An ice dragon (D:15)
  2 shambling mangroves
  21 hydras
  2 centaur warriors
  Erica (Orc:1)
  A merfolk avatar (Lair:6)
  20 two-headed ogres
  21 dancing weapons
  12 alligators
  2 tengu warriors
  Urug (D:12)
  A spriggan berserker (Swamp:4)
  A deep troll earth mage (Depths:1)
  Sonja (Lair:3)
  12 deep elf knights
  29 hornets
  A skeletal warrior (D:12)
  3 unseen horrors
  2 spriggan druids
  A wizard (D:14)
  A glowing orange brain (D:15)
  10 swamp dragons
  4 deep trolls (Depths:1)
  2 orc knights
  A deep elf archer (Elf:3)
  43 deep elf magi
  A harpy (Lair:6)
  A necromancer (Lair:4)
  3 cyclopes
  2 orc sorcerers
  6 ugly things
  20 orb spiders
  9 rime drakes
  28 wolf spiders
  3 manticores
  13 elephants
  5 black mambas
  A meliai (Spider:1)
  2 moths of wrath (Spider:4)
  2 gargoyles
  An ice statue (IceCv)
  8 spiny frogs
  2 torpor snails
  7 centaur skeletons
  3 freezing wraiths
  A redback zombie (D:14)
  5 komodo dragons
  4 yaktaurs (Depths:1)
  2 kobold demonologists (D:15)
  18 demonic crawlers
  A queen bee (shapeshifter) (Elf:3)
  A queen bee (Spider:1)
  A tengu conjurer (Depths:1)
  A meliai (shapeshifter) (D:15)
  28 jumping spiders
  5 trolls
  2 wind drakes (Lair:6)
  8 tyrant leeches
  9 bog bodies
  21 slime creatures
  18 polar bears
  20 blink frogs
  12 dream sheep
  Blork the orc (D:5)
  9 hippogriffs
  8 spriggans
  A water elemental (Elf:3)
  67 redbacks
  A shadow (Swamp:2)
  3 air elementals
  2 centaur simulacra
  30 yaks
  5 fire elementals
  42 tarantellas
  7 wyverns
  Grum (D:10)
  2 wraiths
  A human (D:14)
  2 basilisks
  A hungry ghost (D:10)
  Eustachio (D:6)
  25 vampire mosquitoes
  15 swamp worms
  4 wargs
  Edmund (D:6)
  An acid dragon (D:15)
  21 insubstantial wisps
  13 water moccasins
  7 porcupines
  A soldier ant (D:13)
  Duvessa (D:7)
  25 orc warriors
  12 swamp drakes
  2 phantoms
  An elephant zombie (Lair:4)
  A sky beast (D:7)
  2 black bears
  3 ice beasts
  6 boggarts (D:15)
  23 wolves
  41 ogres
  14 centaurs
  16 crocodiles
  2 komodo dragon zombies (Lair:4)
  5 big kobolds
  13 bullfrogs
  A wyvern zombie (D:13)
  A gnoll sergeant (D:9)
  9 earth elementals
  Dowan (D:7)
  8 scorpions
  8 killer bees
  2 howler monkeys
  3 electric eels
  6 crimson imps
  2 centaur zombies
  5 hounds
  6 jellies
  14 orc priests
  A bullfrog skeleton (D:5)
  27 orc wizards
  Natasha (thrice) (D:4)
  3 iguanas
  8 worker ants
  A crocodile zombie (Lair:4)
  A hound zombie (D:5)
  A hound skeleton (D:6)
  8 gnolls
  12 adders
  4 shadow imps
  An adder zombie (D:6)
  2 worms
  3 dart slugs
  4 leopard geckos
  94 orcs
  A ball python (D:3)
  5 giant cockroaches
  5 goblins
  8 hobgoblins
  10 jackals
  5 quokkas
  6 bats
  8 frilled lizards
  23 kobolds
  3 leopard gecko skeletons
  A quokka skeleton (D:8)
  6 rats
  3 crawling corpses (Elf:3)
  2 fungi (Lair:2)
  A plant (Depths:1)
1322 creatures vanquished.

Vanquished Creatures (collateral kills)
  Arachne (Spider:2)
  Asterion (Spider:1)
  A thorn hunter (Swamp:4)
  A frost giant (IceCv)
  A vault guard (D:14)
  3 hydras
  3 two-headed ogres
  A death knight (D:12)
  An ogre mage (Orc:2)
  A spriggan berserker (Swamp:4)
  A deep elf knight (D:14)
  A sea snake (Lair:6)
  A wizard (D:15)
  A phantasmal warrior (D:12)
  3 orc knights (Bailey)
  A manticore (Lair:6)
  2 wolf spiders (Spider:1)
  2 ugly things (D:15)
  A black mamba (Lair:5)
  An elephant (Lair:2)
  A centaur skeleton (D:15)
  A rime drake (D:11)
  A komodo dragon (Lair:6)
  2 jumping spiders
  2 meliai (Spider:1)
  A tyrant leech (Spider:4)
  A polar bear (IceCv)
  2 hornets
  A slime creature (Lair:5)
  2 dream sheep (Lair:5)
  A hippogriff (D:11)
  3 blink frogs (Lair:5)
  6 tarantellas
  A redback (Spider:1)
  7 killer bees
  3 yaks
  A vampire mosquito (D:15)
  A swamp worm (Swamp:4)
  An insubstantial wisp (Swamp:4)
  2 orc warriors
  A sky beast (D:11)
  A swamp drake (Swamp:4)
  6 ogres (Orc:2)
  A phantom (D:5)
  6 wolves
  2 centaurs
  A big kobold (D:15)
  A bullfrog (Lair:5)
  A centaur zombie (D:6)
  3 orc wizards
  A gnoll shaman (Orc:2)
  A gnoll (Orc:2)
  A dart slug (D:3)
  4 orcs
  A jackal (D:3)
  A plant (Lair:6)
100 creatures vanquished.

Vanquished Creatures (others)
  Frances (Swamp:1)
  An alligator (Swamp:1)
  An orb spider (Spider:2)
  A jumping spider (Spider:1)
  A tarantella (Spider:2)
  3 humans (D:15)
  A swamp worm (Swamp:2)
  A bush (Lair:6)
  9 fungi (Lair:6)
  21 plants
  5 toadstools (D:1)
  2 withered plants (D:6)
47 creatures vanquished.

Grand Total: 1469 creatures vanquished

Notes
Turn   | Place    | Note
-------+----------+-------------------------------------------
     0 | D:1      | SmSkdm the Kitsune Transmuter began the quest for the Orb.
     0 | D:1      | Reached XP level 1. HP: 12/12 MP: 3/3
   153 | D:1      | Found a sparkling altar of Nemelex Xobeh.
   197 | D:1      | Reached skill level 1 in Fighting
   420 | D:1      | Reached XP level 2. HP: 18/18 MP: 5/5
   430 | D:1      | Learned a level 2 spell: Sticks to Snakes
   891 | D:1      | Reached XP level 3. HP: 20/23 MP: 6/6
  1083 | D:2      | Learned a level 3 spell: Spider Form
  1231 | D:2      | Found a burning altar of Makhleb.
  1444 | D:2      | Reached XP level 4. HP: 28/29 MP: 7/7
  1828 | D:3      | Found Gozag's Platinum Reserve.
  1831 | D:3      | Found an opulent altar of Gozag.
  1913 | D:3      | Reached XP level 5. HP: 31/34 MP: 8/8
  2544 | D:4      | Found a staircase to the Ecumenical Temple.
  2562 | Temple   | Entered the Ecumenical Temple
  2792 | D:4      | Reached XP level 6. HP: 27/41 MP: 9/9
  3132 | D:4      | Noticed Natasha
  3160 | D:4      | Killed Natasha
  3196 | D:4      | Noticed an ogre
  3209 | D:4      | Noticed Natasha
  3448 | D:4      | Killed an ogre
  3448 | D:4      | Reached skill level 1 in Stealth
  3458 | D:4      | Killed Natasha
  3481 | D:4      | Noticed Natasha
  3585 | D:4      | Killed Natasha
  3623 | D:4      | Reached XP level 7. HP: 36/46 MP: 10/10
  4043 | D:5      | Entered Level 5 of the Dungeon
  4048 | D:5      | Found a shadowy altar of Dithmenos.
  4049 | D:5      | Noticed Blork the orc
  4078 | D:5      | Killed Blork the orc
  4494 | D:5      | Reached XP level 8. HP: 51/52 MP: 11/11
  4513 | D:5      | Noticed a wyvern
  4894 | D:5      | Found a blossoming altar of Fedhas.
  4937 | D:5      | Reached skill level 5 in Unarmed Combat
  5471 | D:5      | Found a shattered altar of Ashenzari.
  5668 | D:6      | Reached skill level 5 in Transmutations
  5937 | D:6      | Found an ornate altar of the Wu Jian Council.
  5950 | D:6      | Became a worshipper of the Wu Jian Council
  5963 | D:6      | Noticed Eustachio
  5986 | D:6      | Killed Eustachio
  6041 | D:6      | Noticed Edmund
  6054 | D:6      | Killed Edmund
  6070 | D:6      | Reached XP level 9. HP: 55/58 MP: 12/12
  6257 | D:6      | Found an ancient bone altar of Kikubaaqudgha.
  6277 | D:6      | Found a blossoming altar of Fedhas.
  6881 | D:7      | Found a deep blue altar of Sif Muna.
  7474 | D:7      | Noticed Duvessa
  7474 | D:7      | Noticed Dowan
  7486 | D:7      | Killed Duvessa
  7571 | D:7      | Found an iron altar of Okawaru.
  7581 | D:7      | Killed Dowan
  7773 | D:7      | Reached skill level 5 in Fighting
  8294 | D:8      | Reached skill level 5 in Stealth
  8323 | D:8      | Noticed a hippogriff
  8340 | D:8      | Killed a hippogriff
  8340 | D:8      | Reached XP level 10. HP: 26/66 MP: 3/13
  8882 | D:8      | Reached * piety under Wu Jian
  8984 | D:8      | Found a hazy altar of Hepliaklqana.
  9249 | D:9      | Found a runed gate.
  9249 | D:9      | Found a runed gate.
  9249 | D:9      | Found a runed gate.
  9259 | D:9      | Noticed Aqweryyt's ghost (novice FlLi)
  9308 | D:9      | Found a basalt altar of Yredelemnul.
  9471 | D:9      | Reached skill level 5 in Dodging
  9475 | D:9      | Found a sparkling altar of Nemelex Xobeh.
  9979 | D:9      | Found a white marble altar of Elyvilon.
  9979 | D:9      | Noticed an angel
  9980 | D:9      | Found a runed door.
 10751 | D:9      | Reached ** piety under Wu Jian
 10909 | D:10     | Entered Level 10 of the Dungeon
 11459 | D:10     | Learned a level 5 spell: Blade Hands
 11539 | D:10     | Noticed Grum
 11579 | D:10     | Your ally died
 12176 | D:11     | Learned a level 4 spell: Ice Form
 12201 | D:11     | Identified a scroll of acquirement
 12324 | D:11     | Reached XP level 11. HP: 66/72 MP: 15/15
 12332 | D:11     | Reached *** piety under Wu Jian
 12460 | D:11     | Gained mutation: You have sharp toenails. [potion of
                  | mutation]
 12460 | D:11     | Gained mutation: You have a pair of small antennae on your
                  | head. [potion of mutation]
 12462 | D:11     | Reached skill level 5 in Spellcasting
 12462 | D:11     | Reached XP level 12. HP: 13/81 MP: 5/20
 12481 | D:11     | Killed an unseen horror
 12708 | D:11     | Found a frozen archway.
 12740 | IceCv    | Entered an ice cave
 14371 | IceCv    | Noticed a frost giant
 14386 | IceCv    | Killed a frost giant
 14386 | IceCv    | Reached **** piety under Wu Jian
 14386 | IceCv    | Reached XP level 13. HP: 40/88 MP: 19/23
 14390 | IceCv    | Reached skill level 10 in Transmutations
 15007 | D:11     | Noticed Gastronok
 15031 | D:11     | Killed Gastronok
 15109 | D:11     | Found a staircase to the Lair.
 15280 | Lair:1   | Entered Level 1 of the Lair of Beasts
 15280 | Lair:1   | Noticed a six-headed hydra
 15290 | Lair:1   | Killed a six-headed hydra
 15372 | Lair:1   | Identified the +4 broad axe of True Grit {chop, Int+4
                  | Dex+4} (You found it on level 1 of the Lair of Beasts)
 15523 | Lair:1   | Noticed a five-headed hydra
 15542 | Lair:1   | Killed a five-headed hydra
 16349 | Lair:2   | Found a hide-covered altar of Uskayaw.
 16951 | Lair:2   | Noticed a four-headed hydra
 16959 | Lair:2   | Killed a four-headed hydra
 17378 | Lair:2   | Found a staircase to the Swamp.
 17619 | Lair:3   | Found a hole to the Spider Nest.
 17998 | Lair:3   | Noticed a seven-headed hydra
 18006 | Lair:3   | Killed a seven-headed hydra
 18158 | Lair:3   | Found a bloodstained altar of Trog.
 18158 | Lair:3   | Identified the +6 quick blade of Odohe {elec, rN+}
 18159 | Lair:3   | Identified the +6 trident of Untruth {elec, MP+9 Str+4}
 18165 | Lair:3   | Found a transporter.
 18169 | Lair:3   | Found a transporter.
 18184 | Lair:3   | Noticed Sonja
 18190 | Lair:3   | Killed Sonja
 18197 | Lair:3   | Noticed Deesahac's ghost (journeyman BaFi)
 18803 | Lair:4   | Reached XP level 14. HP: 95/95 MP: 22/26
 18826 | Lair:4   | Found a deep blue altar of Sif Muna.
 19117 | Lair:4   | Learned a level 2 spell: Blink
 19689 | Lair:4   | Reached skill level 10 in Unarmed Combat
 20139 | Lair:5   | Reached ***** piety under Wu Jian
 20156 | Lair:5   | Reached skill level 10 in Stealth
 20831 | Lair:5   | Found a staircase to the Slime Pits.
 21507 | Lair:6   | Entered Level 6 of the Lair of Beasts
 22642 | Lair:6   | Reached XP level 15. HP: 61/101 MP: 25/28
 23343 | Lair:6   | Reached skill level 10 in Spellcasting
 24882 | D:12     | Noticed Snorg
 24887 | D:12     | Killed Snorg
 24948 | D:12     | Noticed Urug
 24954 | D:12     | Killed Urug
 25264 | D:12     | Found a staircase to the Orcish Mines.
 25405 | Orc:1    | Entered Level 1 of the Orcish Mines
 25405 | Orc:1    | Found a roughly hewn altar of Beogh.
 25541 | Orc:1    | Reached skill level 1 in Evocations
 25696 | Orc:1    | Noticed Fannar
 25699 | Orc:1    | Killed Fannar
 25726 | Orc:2    | Entered Level 2 of the Orcish Mines
 25726 | Orc:2    | Noticed Nessos
 25728 | Orc:2    | Found a staircase to the Elven Halls.
 25735 | Orc:2    | Killed Nessos
 25742 | Orc:2    | Noticed Donald
 25884 | Orc:2    | Noticed an orc warlord
 25896 | Orc:2    | Killed an orc warlord
 25917 | Orc:2    | Killed Donald
 26280 | Orc:2    | Found Fany's Jewellery Emporium.
 26280 | Orc:2    | Found Oceczeph's Jewellery Shop.
 26280 | Orc:2    | Found Vixiwif's Jewellery Shop.
 26280 | Orc:2    | Found Jaehirot's Antique Armour Shoppe.
 26287 | Orc:2    | Reached skill level 10 in Fighting
 26287 | Orc:2    | Reached XP level 16. HP: 59/109 MP: 21/30
 26818 | Orc:2    | Bought the ring of Equivalence {rPois rF+ rC+ Stlth+} for
                  | 644 gold pieces
 26821 | Orc:2    | Bought an uncursed ring of see invisible for 180 gold
                  | pieces
 26823 | Orc:2    | Bought an embroidered cloak for 187 gold pieces
 27040 | Orc:1    | Noticed Erica
 27050 | Orc:1    | Killed Erica
 27456 | D:13     | Found a flagged portal.
 27506 | Bailey   | Entered a bailey
 27971 | Bailey   | Reached skill level 10 in Dodging
 27971 | Bailey   | Reached XP level 17. HP: 116/116 MP: 32/32
 28061 | D:13     | You fall through a shaft for 2 floors!
 28061 | D:15     | Entered Level 15 of the Dungeon
 28620 | D:15     | Noticed Kirke
 28627 | D:15     | Killed Kirke
 28886 | D:15     | Identified the Guide on Air and Fire
 28886 | D:15     | Identified the Volume of Helpful Weightlessness
 28888 | D:15     | Identified the +2 robe of a Gauntlet {rF+ rC- Dex+3 Slay+2}
                  | (You found it on level 15 of the Dungeon)
 29749 | D:15     | Found a runed door.
 29751 | D:15     | Noticed MediocreGatsby's ghost (journeyman GoTm)
 30413 | D:15     | Found a staircase to the Depths.
 31287 | D:14     | Reached XP level 18. HP: 65/122 MP: 28/33
 31659 | D:14     | Found a gate to the Vaults.
 33712 | Spider:1 | Entered Level 1 of the Spider Nest
 33714 | Spider:1 | Noticed Asterion
 33736 | Spider:1 | Killed Asterion
 34455 | Spider:1 | Learned a level 7 spell: Dragon Form
 34533 | Spider:1 | Learned a level 6 spell: Statue Form
 34997 | Spider:1 | Reached skill level 5 in Evocations
 35056 | Spider:1 | Reached ****** piety under Wu Jian
 35358 | Spider:2 | Noticed Arachne
 35392 | Spider:2 | Noticed Louise
 35754 | Spider:2 | Killed Arachne
 36023 | Spider:2 | Reached XP level 19. HP: 101/129 MP: 29/35
 36232 | Spider:2 | Killed Louise
 37443 | Spider:3 | Found the +8 glaive of the Guard {elec, +Rage AC+5 SInv}
 37454 | Spider:3 | Identified the +3 leather armour of Kindness {Dex+2} (You
                  | found it on level 3 of the Spider Nest)
 37943 | Spider:4 | Entered Level 4 of the Spider Nest
 37969 | Spider:4 | Got a bound wooden ring
 37970 | Spider:4 | Identified the ring "Osumm" {rF++ rC+ Int+3 Stlth+} (You
                  | found it on level 4 of the Spider Nest)
 38782 | Spider:4 | Got a gossamer rune of Zot
 40196 | Swamp:1  | Entered Level 1 of the Swamp
 40290 | Swamp:1  | Noticed Frances
 40301 | Swamp:1  | Killed Frances
 41115 | Swamp:1  | Gained mutation: Scrolls take you a little longer to read.
                  | [miscasting Dragon Form]
 41115 | Swamp:1  | Gained mutation: Your spells are a little easier to cast,
                  | but a little less powerful. [miscasting Dragon Form]
 41198 | Swamp:1  | Reached XP level 20. HP: 136/136 MP: 37/37
 41276 | Swamp:1  | Learned a level 3 spell: Lesser Beckoning
 41412 | Swamp:2  | Reached skill level 1 in Translocations
 42299 | Swamp:3  | Identified Roxanne's Catalogue of Transformation
 42299 | Swamp:3  | Noticed Roxanne
 42311 | Swamp:3  | Killed Roxanne
 42801 | Swamp:4  | Entered Level 4 of the Swamp
 43297 | Swamp:4  | Learned a level 6 spell: Deflect Missiles
 43534 | Swamp:4  | Reached skill level 1 in Charms
 43555 | Swamp:4  | Reached skill level 1 in Shields
 44085 | Swamp:4  | Got a decaying rune of Zot
 44630 | Elf:1    | Entered Level 1 of the Elven Halls
 44916 | Elf:1    | Identified Veanamau's Tome of Supportive Conjuration
 45117 | Elf:1    | Found Xeruuze's Distillery.
 45117 | Elf:1    | Found Suipaini's Jewellery Boutique.
 45126 | Elf:1    | Bought a potion of curing for 39 gold pieces
 45126 | Elf:1    | Bought a potion of berserk rage for 65 gold pieces
 45126 | Elf:1    | Bought a potion of ambrosia for 104 gold pieces
 45132 | Elf:1    | Bought an uncursed amulet of rage for 560 gold pieces
 45133 | Elf:1    | Lost mutation: Scrolls take you a little longer to read.
                  | [potion of mutation]
 45133 | Elf:1    | Lost mutation: Your spells are a little easier to cast, but
                  | a little less powerful. [potion of mutation]
 45133 | Elf:1    | Lost mutation: You have sharp toenails. [potion of
                  | mutation]
 45133 | Elf:1    | Gained mutation: Scrolls take you a little longer to read.
                  | [potion of mutation]
 45133 | Elf:1    | Gained mutation: You are somewhat resistant to further
                  | mutation. [potion of mutation]
 45517 | Elf:2    | Reached XP level 21. HP: 144/144 MP: 38/38
 45565 | Elf:2    | Found a runed gate.
 45566 | Elf:2    | Found a runed gate.
 45568 | Elf:2    | Found a runed gate.
 46560 | Elf:3    | Entered Level 3 of the Elven Halls
 46655 | Elf:3    | Found a radiant altar of Vehumet.
 46870 | Elf:3    | Learned a level 6 spell: Hydra Form
 47044 | Elf:3    | Identified the +3 leather armour of Courage {Stlth+} (You
                  | found it on level 3 of the Elven Halls)
 47100 | Elf:3    | Identified the +7 great mace of Absolution {venom, Str+2}
 47122 | Elf:3    | Noticed a Tzitzimitl
 47552 | Elf:3    | Identified the ring "Wasta" {+Fly Str+4 Int-2 Dex+3}
 47560 | Elf:3    | Reached skill level 1 in Earth Magic
 47923 | Elf:3    | Identified the amulet of Sala {rElec rPois Regen+}
 47929 | Elf:3    | Reached skill level 5 in Translocations
 47948 | Elf:3    | Identified the cursed +3 glaive of the Owl {flame, rC+}
 48354 | Elf:3    | Identified the cursed +3 long sword "Funumyt" {pain, Dex+4}
 48832 | Elf:3    | Identified the +6 trident "Doad" {vamp, *Corrode rF+ Dex+2}
 48863 | Elf:3    | Identified the +1 robe "Wet Vupo" {rN+}
 48863 | Elf:3    | Identified the cursed ring "Zetul" {*Slow rPois rC- Int-3
                  | SInv}
 48974 | Elf:3    | Identified the Catalogue of the Virous Rocks
 49284 | Elf:3    | Found Nunyliurgh's Magic Scroll Boutique.
 49287 | Elf:3    | Bought a scroll of teleportation for 33 gold pieces
 49287 | Elf:3    | Bought a scroll of identify for 22 gold pieces
 49287 | Elf:3    | Bought a scroll of acquirement for 572 gold pieces
 49287 | Elf:3    | Bought a scroll of teleportation for 33 gold pieces
 49287 | Elf:3    | Bought a scroll of magic mapping for 38 gold pieces
 49287 | Elf:3    | Bought a scroll of teleportation for 33 gold pieces
 49287 | Elf:3    | Bought a scroll of teleportation for 33 gold pieces
 49293 | Elf:3    | Identified the +0 pair of boots of the Untouchables {-Tele
                  | rPois rC+++ rCorr} (You acquired it on level 3 of the Elven
                  | Halls)
 49916 | D:15     | Killed MediocreGatsby's ghost
 49989 | Depths:1 | Entered Level 1 of the Depths
 49989 | Depths:1 | Found a one-way gate to the infinite horrors of the Abyss.
 50055 | Depths:1 | Reached XP level 22. HP: 151/151 MP: 40/40
 50175 | Depths:1 | Found Ibres's Gadget Shoppe.
 50317 | Depths:1 | HP: 3/226 [acid (12)]
 50319 | Depths:1 | Reached skill level 5 in Charms
 50325 | Depths:1 | Killed from afar by an iron dragon

Vault maps used:
D:1:      ldierk_walled_garden, dk_noncrumbling_3, minmay_misc_feat_five,
          hangedman_abyss_or_decor_lesser_grid, serial_park_tiny_1,
          nemelex_altar_shiori
D:2:      lemuel_crystal_altar
D:3:      nicolae_gozag_zags_fifth_avenue, kennysheep_generic_room_3
D:4:      temple_pool_b, uniq_natasha
D:5:      nicolae_overflow_crystal_walls, lemuel_coloured_pillars_altar,
          lemuel_crystal_altar, first_ration, uniq_blork_the_orc
D:6:      kiku_gazebo_garden_becter, overflow_temple_1_default,
          fedhas_altar_fruit_tree, uniq_edmund, uniq_eustachio
D:7:      okawaru_trees_2, lemuel_blue_sif_altar, the_bakery,
          grunt_decor_arrowhead, minmay_misc_feat_tower, uniq_duvessa
D:8:      kennysheep_mini_moat
D:9:      yredelemnul_altar_generic, lemuel_round_altar,
          ebering_ghost_rock_garden, lemuel_angel_altar
D:10:     uniq_grum
D:11:     lair_entry_dummy, portal_ice_cave_entry_animals_and_master,
          uniq_gastronok
D:12:     orc_0_dummy, uniq_urug, uniq_snorg
D:13:     enter_bailey_8
D:14:     grunt_vaults_entry_fortified, serial_park_square1
D:15:     grunt_enter_depths_hoard, serial_bayou_ford_a, gammafunk_ghost_grave,
          minmay_the_grid_2x2, uniq_kirke
Temple:   dpeg_chambers_temple
Lair:2:   nicolae_swamp_entry_splash_gauntlet, lemuel_centaur_altar,
          infiniplex_staircase_pool
Lair:3:   beast_lair_carwin_large_2, spider_nest_entry_webs,
          gammafunk_ghost_wrathful_warriors, uniq_sonja
Lair:4:   pond_and_an_island_with_a_cottage, basic_altar
Lair:5:   minmay_slime_entry_pillars
Lair:6:   gammafunk_lair_ancient_temple
Swamp:1:  evilmike_swamp_ruin_rubble_1, uniq_frances
Swamp:2:  infiniplex_staircase_pool_2, swamp_pool4
Swamp:3:  nicolae_swamp_round_clearing, uniq_roxanne
Swamp:4:  swamp_basic_johnstein, swamp_pool1
Spider:1: spiders_nest_scorpion_pit, special_room, einodemon_crawler_minivault,
          uniq_asterion
Spider:2: nicolae_arachne_temple, uniq_louise
Spider:3: nicolae_spider_mines_3
Spider:4: johnstein_spider_rune_arachne_lair, hangedman_stitches_earthworm
Orc:1:    basic_altar, uniq_erica, uniq_fannar
Orc:2:    st_orc_ogre_mass, uniq_nessos, uniq_donald
Elf:1:    minmay_elf_sorcery, minmay_shoptagon
Elf:3:    elf_hall, serial_shops, shop, basic_altar
Depths:1: minmay_outward_triangles, enter_ziggurat_f, abyss_entry,
          grunt_pan_entry_in_and_out, hellmouth_1, nrook_campfire, serial_shops,
          shop, grunt_ministairs_11, serial_bayou_lagoon_a,
          chequers_serial_rivers_micro_d, kennysheep_potato
Bailey:   bailey_polearm_5, bailey
IceCv:    ice_cave_small_giant

Skill      XL: |  1  2  3  4  5  6  7  8  9 10 11 12 13 14 15 16 17 18 19 20 21 22 |
---------------+-------------------------------------------------------------------+-----
Fighting       | 1 2 3 4 5 6 7 8 9 10 11 12 | 12.9
Unarmed Combat | 3 4 5 6 7 8 9 10 11 12 13 14 | 14.1
Transmutations | 3 4 5 6 7 9 10 11 12 13 14 | 14.6
Stealth        | 1 2 3 5 6 7 8 9 10 11 12 13 14 | 14.0
Dodging        | 2 3 4 5 6 7 8 9 10 11 12 | 12.5
Spellcasting   | 3 5 7 8 9 10 11 12 13 14 | 14.4
Evocations     | 2 3 4 5 6 |  6.4
Translocations | 4 5 |  5.5
Charms         | 2 4 5 |  5.0
Shields        | 2 4 |  4.3
Earth Magic    | 2 3 |  3.2
Armour         | |  0.3

Action                   |  1- 3 |  4- 6 |  7- 9 | 10-12 | 13-15 | 16-18 | 19-21 | 22-24 || total
-------------------------+-------+-------+-------+-------+-------+-------+-------+-------++-------
Melee: Unarmed           |    99 |   251 |   400 |   426 |   809 |   766 |  1059 |    57 ||  3867
       Kick              |     1 |       |       |    30 |    94 |   139 |    12 |       ||   276
       Punch             |       |     1 |     3 |     9 |    13 |    36 |    56 |     3 ||   121
       Tailslap          |       |       |       |       |       |    33 |   120 |    12 ||   165
       Bite              |       |       |       |       |       |    23 |   107 |     4 ||   134
 Cast: Beastly Appendage |     1 |       |       |       |       |       |       |       ||     1
       Spider Form       |       |       |    19 |    13 |       |       |       |       ||    32
       Sticks to Snakes  |       |       |     6 |     7 |    19 |    22 |       |       ||    54
       Blade Hands       |       |       |       |    20 |    43 |    44 |     1 |       ||   108
       Ice Form          |       |       |       |     2 |    39 |     2 |       |       ||    43
       Dragon Form       |       |       |       |       |       |    11 |    72 |     3 ||    86
       Blink             |       |       |       |       |       |     2 |    12 |       ||    14
       Hydra Form        |       |       |       |       |       |       |     2 |       ||     2
Invok: Lunge             |       |       |     8 |    35 |    82 |   102 |   125 |     9 ||   361
       Whirlwind         |       |       |       |    82 |   237 |   269 |   389 |    20 ||   997
       Wall Jump         |       |       |       |    24 |    79 |    56 |   150 |     5 ||   314
       Serpent's Lash    |       |       |       |       |    18 |    10 |    19 |     2 ||    49
       Heavenly Storm    |       |       |       |       |     2 |     2 |       |       ||     4
 Abil: Charm Monsters    |       |     5 |     8 |    13 |    15 |    13 |     5 |       ||    59
       End Transformatio |       |       |       |       |     2 |       |     2 |       ||     4
       Wall Jump         |       |       |       |       |       |     1 |       |       ||     1
       Breathe Fire      |       |       |       |       |       |       |     1 |       ||     1
Evoke: Wand              |       |     1 |       |     1 |     9 |     1 |     4 |       ||    16
       Fan of gales      |       |       |       |       |       |       |     1 |       ||     1
  Use: Scroll            |     2 |       |     2 |    13 |    13 |    16 |    12 |       ||    58
       Potion            |       |       |       |     8 |     1 |     9 |     2 |     2 ||    22
 Stab: Betrayed ally     |       |     5 |     1 |     7 |     2 |     6 |       |       ||    21
       Distracted        |       |     1 |       |     1 |     4 |     5 |    10 |       ||    21
       Sleeping          |       |       |     6 |    10 |    21 |    26 |    33 |     3 ||    99
       Paralysed         |       |       |       |       |     2 |       |       |       ||     2
       Fleeing           |       |       |       |       |     1 |       |       |       ||     1
       Held in net/web   |       |       |       |       |       |     1 |       |       ||     1
  Eat: Chunk             |     2 |     7 |    11 |    20 |    38 |    32 |    45 |     1 ||   156
       Ration            |       |       |     2 |     3 |     4 |     4 |    10 |       ||    23
Armor: Robe              |     3 |       |    15 |    28 |    18 |    35 |     5 |       ||   104
       Plate armour      |    48 |   251 |    93 |       |       |       |       |       ||   392
       Skin              |       |       |     4 |     5 |    53 |   120 |   306 |     8 ||   496
Dodge: Dodged            |    14 |    10 |   212 |   280 |   356 |   430 |   389 |    16 ||  1707
Block: Other             |       |       |     5 |    23 |    27 |    51 |   126 |       ||   232
       Reflection        |       |       |     1 |     1 |       |     3 |     4 |       ||     9

Table legend:
 A = Non-vault XP
 B = Vault XP
 C = Vault XP percentage of total XP
 D = Non-vault monster count
 E = Vault monster count
 F = Vault count percentage of total count
                 A         B        C        D         E       F
            +---------+---------+-------+---------+---------+-------
      Total |  234686 |  228038 |  49.3 |     928 |     457 |  33.0
            +---------+---------+-------+---------+---------+-------
        D:1 |      30 |       0 |   0.0 |      17 |       0 |   0.0
        D:2 |      70 |       0 |   0.0 |      13 |       0 |   0.0
        D:3 |     154 |       0 |   0.0 |      36 |       0 |   0.0
        D:4 |     300 |      36 |  10.7 |      21 |       1 |   4.5
        D:5 |     738 |     136 |  15.6 |      20 |       1 |   4.8
        D:6 |     485 |     329 |  40.4 |      19 |       2 |   9.5
        D:7 |     801 |     445 |  35.7 |      14 |       3 |  17.6
        D:8 |     738 |       0 |   0.0 |      14 |       0 |   0.0
        D:9 |    1675 |       0 |   0.0 |      31 |       0 |   0.0
       D:10 |    1118 |     462 |  29.2 |      25 |       4 |  13.8
       D:11 |    2937 |    3704 |  55.8 |      23 |       9 |  28.1
       D:12 |    8878 |    1995 |  18.3 |      32 |       2 |   5.9
       D:13 |    6521 |       0 |   0.0 |      23 |       0 |   0.0
       D:14 |    5840 |    5779 |  49.7 |      31 |       9 |  22.5
       D:15 |   13442 |   12306 |  47.8 |      44 |      21 |  32.3
     Lair:1 |    2998 |       0 |   0.0 |      12 |       0 |   0.0
     Lair:2 |    6469 |     509 |   7.3 |      22 |       5 |  18.5
     Lair:3 |    3026 |    1788 |  37.1 |      14 |      10 |  41.7
     Lair:4 |    6024 |     904 |  13.0 |      22 |       5 |  18.5
     Lair:5 |    8921 |     402 |   4.3 |      33 |       3 |   8.3
     Lair:6 |    7810 |   10348 |  57.0 |      31 |      27 |  46.6
    Swamp:1 |   10105 |    1690 |  14.3 |      22 |       1 |   4.3
    Swamp:2 |   13251 |       0 |   0.0 |      50 |       0 |   0.0
    Swamp:3 |    9690 |    2088 |  17.7 |      23 |       1 |   4.2
    Swamp:4 |   18170 |   15324 |  45.8 |      41 |      28 |  40.6
   Spider:1 |   19777 |   13748 |  41.0 |      52 |      38 |  42.2
   Spider:2 |    9133 |   13117 |  59.0 |      24 |      30 |  55.6
   Spider:3 |   16267 |    3378 |  17.2 |      37 |       9 |  19.6
   Spider:4 |    6047 |   28336 |  82.4 |      16 |      65 |  80.2
      Orc:1 |    4921 |    1904 |  27.9 |      39 |       2 |   4.9
      Orc:2 |    5178 |   20072 |  79.5 |      55 |      39 |  41.5
      Elf:1 |    9001 |    7336 |  44.9 |      15 |      11 |  42.3
      Elf:2 |    6192 |   25127 |  80.2 |      12 |      31 |  72.1
      Elf:3 |   17155 |   37543 |  68.6 |      27 |      25 |  48.1
   Depths:1 |   10824 |    8789 |  44.8 |      18 |       7 |  28.0
     Bailey |       0 |    2211 | 100.0 |       0 |      36 | 100.0
      IceCv |       0 |    8232 | 100.0 |       0 |      32 | 100.0
            +---------+---------+-------+---------+---------+-------
